Cogmind - Beta 16.1 --- EXPLORER MODE // 2026.03.30 @ 05:46:23 // Winter2019/RPGLIKE Player: Gnomed! Result: Destroyed 0b10! Performance ------------- Evolutions (9) 4500 Regions Visited (20) 4000 Robots Destroyed (94) 470 Value Destroyed (4206) 4206 Prototype IDs (32) 640 Alien Tech Used (9) 1800 Bonus (26511) 26511 TOTAL SCORE: 42127 Bonus ------- Triggered Max Security 2000 High Alert Combat Kills 1324 Follower Combat Kills 108 Entered DSFs 500 Met Zhirov 300 MAIN.C Attacked Warlord 500 Used Core Reset Matrix 3000 Scanned by Researcher 500 Pursued by Intercept 500 Met Sigix 2000 Integrated Exoskeleton 5000 Escaped with Sigix 5000 Win 3000 Win Speed 3006 Friendly Fire -227 Cogmind --------- Core Integrity 13571/23500 Matter 4426/4950 Energy 17832/17840 System Corruption 0% Temperature Cool (0) Movement Walking (30) Location Tau Ceti IV Orbit Parts ------- > --- POWER (1) -------- Heavy Antimatter Reactor > --- PROPULSION (3) --- Sigix Exoskeleton > --- UTILITY (14) ----- Active Sensor Suite Improved Particle Charger Advanced Weapon Cycler Advanced Transmission Jammer Jamming Amplifier Experimental Utility Shielding Graphene Brace EM Shield Component Analysis Suite Microwarp Drive > --- WEAPON (8) ------- Sigix Sheargun Sigix Sheargun Sigix Sheargun Heavy Disruptor Cannon Sigix Shearcannon Linear Accelerator > --- INVENTORY (124) -- Ion Engine Light Antimatter Reactor Q-thruster Improved Terrain Scanner Microwarp Drive Sigix Sheargun Long-range Proton Cannon Long-range Proton Cannon Long-range Proton Cannon Long-range Proton Cannon HERF Cannon HERF Cannon HERF Cannon HERF Cannon HERF Cannon HERF Cannon Enhanced Nova Cannon Enhanced Nova Cannon Enhanced Nova Cannon Enhanced Nova Cannon Enhanced Gauss Cannon Hardcell Cannon Linear Accelerator Linear Accelerator Force Lance Sigix Containment Pod Peak State ------------ > --- POWER ------------ Heavy Antimatter Reactor > --- PROPULSION ------- Sigix Exoskeleton > --- UTILITY ---------- Active Sensor Suite Improved Particle Charger Advanced Weapon Cycler Advanced Transmission Jammer Jamming Amplifier Experimental Utility Shielding Graphene Brace EM Shield Component Analysis Suite Microwarp Drive > --- WEAPON ----------- Sigix Sheargun Sigix Sheargun Sigix Sheargun Sigix Sheargun Heavy Disruptor Cannon Sigix Shearcannon > --- INVENTORY -------- Ion Engine Light Antimatter Reactor Q-thruster Improved Terrain Scanner Microwarp Drive Long-range Proton Cannon Long-range Proton Cannon Long-range Proton Cannon Long-range Proton Cannon HERF Cannon HERF Cannon HERF Cannon HERF Cannon HERF Cannon HERF Cannon Enhanced Nova Cannon Enhanced Nova Cannon Enhanced Nova Cannon Enhanced Nova Cannon Enhanced Gauss Cannon Hardcell Cannon Linear Accelerator Linear Accelerator Sigix Containment Pod [Rating: 393] Favorites ----------- Power Ion Engine Engine Ion Engine Reactor Heavy Antimatter Reactor Propulsion Flight Unit Leg Sigix Exoskeleton Wheel Compact Wheel Flight Unit Flight Unit Utility Light Armor Plating Device Sensor Array Storage Improved Matter Compressor Processor Terrain Scan Processor Hackware Advanced Hacking Suite Protection Light Armor Plating Artifact Microwarp Drive Weapon Beam Cannon Energy Gun Sigix Sheargun Energy Cannon Beam Cannon Ballistic Gun KE Penetrator Ballistic Cannon Hypervelocity Mass Driver Special Weapon Molecular Deconstructor Build | -11 -10 -10 -7 -7 -5 -5 -5 -5 -4 -4 -4 -4 -4 -3 -3 -3 -3 -2 -2 -1 ------- Run | Yrd Mat Sub Rec Scr Fac Upp Upp War Pro Fac Upp Upp Zhi Pro Res Qua Sec Res DSF Acc Slots Evolved 39 | 22 . . . . . . . . . . . . . . . . 17 . . . Power . | . . . . . . . . . . . . . . . . . . . . . Propulsion 5 | 5 . . . . . . . . . . . . . . . . . . . . Utility 23 | 12 . . . . . . . . . . . . . . . . 11 . . . Weapon 11 | 5 . . . . . . . . . . . . . . . . 6 . . . Parts Attached 88 | 11 11 4 2 1 3 4 . 2 6 8 6 . 4 3 3 4 5 . 9 2 Power 6 | 1 . . . . . 1 . 1 1 1 . . 1 . . . . . . . Engine 3 | 1 . . . . . . . . 1 1 . . . . . . . . . . Core . | . . . . . . . . . . . . . . . . . . . . . Reactor 3 | . . . . . . 1 . 1 . . . . 1 . . . . . . . Propulsion 27 | 3 4 2 . . 2 3 . 1 . 4 5 . . . 1 1 1 . . . Treads . | . . . . . . . . . . . . . . . . . . . . . Leg 4 | . . . . . . . . . . 4 . . . . . . . . . . Wheel 3 | 3 . . . . . . . . . . . . . . . . . . . . Hover . | . . . . . . . . . . . . . . . . . . . . . Flight 20 | . 4 2 . . 2 3 . 1 . . 5 . . . 1 1 1 . . . Utility 30 | 5 1 1 2 1 1 . . . 2 . 1 . 3 3 . . 1 . 9 . Device 17 | 3 1 . 1 1 1 . . . 1 . 1 . . . . . . . 8 . Storage 1 | . . . . . . . . . . . . . 1 . . . . . . . Processor 3 | . . . . . . . . . . . . . . 2 . . . . 1 . Hackware 1 | . . . . . . . . . . . . . 1 . . . . . . . Protection 7 | 2 . 1 1 . . . . . 1 . . . 1 1 . . . . . . Artifact 1 | . . . . . . . . . . . . . . . . . 1 . . . Weapon 25 | 2 6 1 . . . . . . 3 3 . . . . 2 3 3 . . 2 Energy Gun 5 | 2 . . . . . . . . . . . . . . . 1 2 . . . Energy Cannon 11 | . 6 1 . . . . . . . 1 . . . . 1 . 1 . . 1 Ballistic Gun 2 | . . . . . . . . . 2 . . . . . . . . . . . Ballistic Cannon 6 | . . . . . . . . . . 2 . . . . 1 2 . . . 1 Launcher . | . . . . . . . . . . . . . . . . . . . . . Special Weapon 1 | . . . . . . . . . 1 . . . . . . . . . . . Impact Weapon . | . . . . . . . . . . . . . . . . . . . . . Slashing Weapon . | . . . . . . . . . . . . . . . . . . . . . Piercing Weapon . | . . . . . . . . . . . . . . . . . . . . . Special Melee Weapon . | . . . . . . . . . . . . . . . . . . . . . Unidentified Prototypes 11 | . . 1 . . . . . . 1 . 1 . 5 . . 2 . . 1 . Parts Lost 23 | . . . . 6 . . . 14 3 . . . . . . . . . . . Power 1 | . . . . . . . . . 1 . . . . . . . . . . . Propulsion 9 | . . . . 2 . . . 7 . . . . . . . . . . . . Utility 8 | . . . . 4 . . . 3 1 . . . . . . . . . . . Weapon 5 | . . . . . . . . 4 1 . . . . . . . . . . . Highest Loss Streak 12 | . . . . 6 . . . 12 2 . . . . . . . . . . . To Critical Strikes 1 | . . . . . . . . 1 . . . . . . . . . . . . Average Backups 5 | . 1 2 6 6 3 5 7 4 3 3 3 3 3 3 3 4 6 9 12 23 Power 1 | . . . . . . . 1 1 2 2 2 2 2 2 2 2 2 2 2 2 Propulsion . | . . . 3 3 1 3 4 2 . . . . . . . . 1 1 1 1 Utility 1 | . 1 1 1 1 1 1 1 1 1 1 1 1 1 1 1 1 1 2 2 2 Weapon 2 | . . 1 2 2 1 1 1 . . . . . . . . . 2 4 7 18 Tool/Special . | . . . . . . . . . . . . . . . . . . . . . Unused Backups 15 | . . . . . . . . . . . . . . . . . . . . 15 Power . | . . . . . . . . . . . . . . . . . . . . . Propulsion . | . . . . . . . . . . . . . . . . . . . . . Utility 1 | . . . . . . . . . . . . . . . . . . . . 1 Weapon 14 | . . . . . . . . . . . . . . . . . . . . 14 Tool/Special . | . . . . . . . . . . . . . . . . . . . . . Average Slot Usage (%) 53 | . 57 63 75 68 58 61 61 36 11 32 44 50 55 70 74 74 59 46 57 69 Engine 1 | . 3 3 3 3 3 2 . . 1 . 3 3 1 . . . . . . . Reactor 1 | . . . . . . 1 3 2 . . . . 1 3 3 3 2 3 3 3 Leg 1 | . . . . . . . . . . 12 7 . . . . . 1 3 3 3 Flight 10 | . 4 15 23 21 21 23 23 13 . . 8 19 19 19 21 23 9 . . . Device 10 | . 12 15 15 14 15 15 15 9 . 3 4 7 7 7 7 7 6 7 17 26 Processor 1 | . . . . . . . . . . . . . . 5 7 7 2 . 1 3 Protection 4 | . 7 9 14 10 . . . . 2 . . . 1 6 7 7 4 3 3 3 Energy Gun 2 | . . . . . . . . . . . . . . . . . 7 15 15 12 Energy Cannon 10 | . 20 19 19 17 17 19 19 9 . 2 3 3 3 3 3 3 4 7 7 7 Ballistic Gun 1 | . . . . . . . . . 5 3 3 3 3 3 2 . . . . . Ballistic Cannon 2 | . . . . . . . . . . 5 7 7 7 7 7 12 9 . . 1 Peak Build Rating 393 | 13 19 41 47 44 41 47 47 47 33 87 87 66 90 98 109 111 324 324 393 393 Average Rating 91 | 9 17 33 43 40 38 42 47 26 16 74 74 66 80 97 103 106 248 324 363 392 On Entrance 94 | . 13 19 41 44 37 38 47 47 1 29 87 66 66 90 98 109 109 324 324 393 Avg Prop Armor Cover (%) 3 | . . . . . . . . 3 . . . . . . . . . . . . Naked Turns 78 | . . . . . . . . 45 33 . . . . . . . . . . . Heaviest Build 111 | 18 33 54 57 57 30 37 37 37 21 45 49 49 70 72 74 89 103 98 106 111 Greatest Support 426 | 357 357 339 339 339 339 339 339 339 318 426 426 335 335 335 343 343 375 375 375 375 Greatest Overweight (x) . | . . . . . . . . . . . . . . . . . . . . . Average Overweight (x) . | . . . . . . . . . . . . . . . . . . . . . Largest Inventory Capacity 124 | 124 124 124 124 124 124 124 124 124 124 124 124 124 124 124 124 124 124 124 124 124 Average Capacity 123 | 122 124 124 124 124 124 124 124 124 124 124 124 124 124 124 124 124 124 124 124 124 Most Carried 29 | 1 1 16 16 16 13 7 7 7 3 3 3 3 3 3 4 7 13 13 27 29 Average Carried 7 | . 1 6 16 14 5 5 7 4 3 3 3 3 3 3 3 5 10 13 15 27 Final Capacity 124 | 124 124 124 124 124 124 124 124 124 124 124 124 124 124 124 124 124 124 124 124 124 Final Carried 29 | 1 1 16 16 14 3 7 7 3 3 3 3 3 3 3 4 7 13 13 27 29 Class Distribution -------------------- 36% | Wizard-Scout 17% | Wizard-Sprinter 15% | Wizard-Sigix 12% | Wizard-Executioner 10% | Wizard-Mutant 4% | Wizard-Skirmisher 3% | Wizard-Gunner Dominant Class ---------------- Wizard-Executioner | -10/Materials Wizard-Scout | -10/Subcaves Wizard-Scout | -7/Recycling Wizard-Scout | -7/Scraptown Wizard-Scout | -5/Factory Wizard-Scout | -5/Upper Caves Wizard-Scout | -5/Upper Caves Wizard-Mutant | -5/Warlord Wizard-Mutant | -4/Proximity Caves Wizard-Executioner | -4/Factory Wizard-Sprinter | -4/Upper Caves Wizard-Sprinter | -4/Upper Caves Wizard-Sprinter | -4/Zhirov Wizard-Sprinter | -3/Proximity Caves Wizard-Sprinter | -3/Research Wizard-Sprinter | -3/Quarantine Wizard-Sigix | -3/Section 7 Wizard-Sigix | -2/Research Wizard-Sigix | -2/DSF Wizard-Sigix | -1/Access Resources | -11 -10 -10 -7 -7 -5 -5 -5 -5 -4 -4 -4 -4 -4 -3 -3 -3 -3 -2 -2 -1 ----------- Run | Yrd Mat Sub Rec Scr Fac Upp Upp War Pro Fac Upp Upp Zhi Pro Res Qua Sec Res DSF Acc Matter Collected 6233 | 232 637 1101 . 800 127 93 . 1047 173 188 372 . . 38 131 25 940 . 148 181 Remotely . | . . . . . . . . . . . . . . . . . . . . . Salvage Created 4492 | 224 480 719 85 415 . 156 . 1041 20 35 225 . . . 131 . 637 . . 324 Parts 248 | 11 18 62 2 15 . 10 . 23 2 . 12 . . . 7 . 23 . 12 51 Haulers Intercepted 2 | . 1 . . . . . . . . . . . . . . . . . . 1 Recyclers Shooed . | . . . . . . . . . . . . . . . . . . . . . Parts Field Recycled . | . . . . . . . . . . . . . . . . . . . . . Retrieved Matter . | . . . . . . . . . . . . . . . . . . . . . Parts Self-Destructed . | . . . . . . . . . . . . . . . . . . . . . Prevented . | . . . . . . . . . . . . . . . . . . . . . Parts Restored . | . . . . . . . . . . . . . . . . . . . . . Kills | -11 -10 -10 -7 -7 -5 -5 -5 -5 -4 -4 -4 -4 -4 -3 -3 -3 -3 -2 -2 -1 ------- Run | Yrd Mat Sub Rec Scr Fac Upp Upp War Pro Fac Upp Upp Zhi Pro Res Qua Sec Res DSF Acc Combat Hostiles Destroyed 74 | . 7 27 1 3 . 5 . 8 . 1 6 . . . 2 . 6 . 1 7 Guns 7 | . . . . . . . . . . . 2 . . . . . 3 . 1 1 Cannons 59 | . 7 24 1 3 . 5 . 4 . . 4 . . . 2 . 3 . . 6 Classes Destroyed 23 | 2 5 5 . 2 . . . 3 . 1 . . . . 1 . 3 . 1 . Worker 4 | . 2 . . . . . . . . . . . . . . . . . . 2 Tunneler 6 | 5 1 . . . . . . . . . . . . . . . . . . . Hauler 2 | . 1 . . . . . . . . . . . . . . . . . . 1 Recycler 2 | 1 1 . . . . . . . . . . . . . . . . . . . Turret 2 | . . 2 . . . . . . . . . . . . . . . . . . Watcher 2 | . 2 . . . . . . . . . . . . . . . . . . . Swarmer 15 | . 4 4 . . . 3 . . . . 4 . . . . . . . . . Grunt 8 | . 3 3 . . . 2 . . . . . . . . . . . . . . Researcher 2 | . . . . . . . . . . . . . . . . . 2 . . . Sentry 4 | . . 1 1 . . . . . . . . . . . 1 . . . . 1 Hunter 5 | . . . . . . . . . . 1 2 . . . . . . . . 2 Programmer 1 | . . . . . . . . . . . . . . . 1 . . . . . Heavy 1 | . . . . . . . . . . . . . . . . . . . 1 . Behemoth 2 | . . . . . . . . . . . . . . . . . . . . 2 Tracker 2 | . . . . . . . . . . . . . . . . . . . . 2 Striker 4 | . . . . . . . . . . . . . . . . . 4 . . . Executioner 2 | . . . . . . . . . . . . . . . . . 2 . . . Artisan 1 | . . 1 . . . . . . . . . . . . . . . . . . Subdweller 19 | . . 19 . . . . . . . . . . . . . . . . . . Bolteater 1 | . . . . 1 . . . . . . . . . . . . . . . . Scientist 1 | . . 1 . . . . . . . . . . . . . . . . . . Elite 1 | . . . . 1 . . . . . . . . . . . . . . . . Tinkerer 2 | . . . . . . . . 1 1 . . . . . . . . . . . Thug 3 | . . . . . . . . 3 . . . . . . . . . . . . Marauder 2 | . . . . . . . . 2 . . . . . . . . . . . . Mutant 2 | . . . . . . . . 2 . . . . . . . . . . . . Best Kill Streak 7 | 3 6 7 1 2 . 3 . 7 . 1 4 . . . 2 . 4 . 1 5 Combat Bots Only 7 | . 2 5 1 2 . 3 . 7 . 1 4 . . . 2 . 4 . 1 5 Max Kills in Single Turn 2 | 1 2 1 1 2 . 1 . 2 1 1 1 . . . 1 . 2 . 1 2 Gunslinging . | . . . . . . . . . . . . . . . . . . . . . Exploded . | . . . . . . . . . . . . . . . . . . . . . Melee . | . . . . . . . . . . . . . . . . . . . . . Uniques/NPCs Destroyed 2 | . . . . 1 . . . 1 . . . . . . . . . . . . Optimus (-7/Scraptown) Fake God Mode (-5/Warlord) Combat | -11 -10 -10 -7 -7 -5 -5 -5 -5 -4 -4 -4 -4 -4 -3 -3 -3 -3 -2 -2 -1 -------- Run | Yrd Mat Sub Rec Scr Fac Upp Upp War Pro Fac Upp Upp Zhi Pro Res Qua Sec Res DSF Acc Hostile Shots Fired 1561 | . 18 137 27 310 . 15 3 489 60 13 46 10 . 10 4 67 110 . 14 228 Missed 585 | . 2 48 10 98 . 6 1 189 20 7 20 7 . 5 3 34 43 . 8 84 Hits 976 | . 16 89 17 212 . 9 2 300 40 6 26 3 . 5 1 33 67 . 6 144 Melee 31 | . . . . 14 . . . 16 . . . . . . . . 1 . . . Projectile 945 | . 16 89 17 198 . 9 2 284 40 6 26 3 . 5 1 33 66 . 6 144 AOE 1 | . . 1 . . . . . . . . . . . . . . . . . . Critical Strikes 59 | . . 1 . 12 . . . 33 1 . . . . . . 3 6 . . 3 Actively Blocked 3 | . . . . . . . . . . . . . . . . . . . . 3 Part Disruptions 10 | . . . . . . . . 7 1 . . . . . . 2 . . . . Damage Taken 10602 | . 71 524 49 1703 . 68 11 3813 1450 43 166 21 . 62 13 568 1466 . 49 525 Core 8512 | . 45 280 17 1113 . 53 8 3170 1201 38 125 18 . 47 10 443 1420 . 43 481 Absorbed by Shields . | . . . . . . . . . . . . . . . . . . . . . Redirected to Core 5325 | . 35 238 17 925 . 43 8 2193 635 19 111 8 . 47 10 427 237 . 37 335 Redirected to Shielding 16 | . . . . . . . . . . . . . . . . . 16 . . . Ignored by Resistances 13712 | . 103 720 81 2139 . 96 14 4039 403 59 222 28 . 81 16 386 1587 . 296 3442 Regen/Repaired (Parts) 207 | . . . . . . . . . . . . . . . . . 207 . . . Core Remaining (%) 71 | 100 . . . 92 . . . . 71 . . . . 63 . . 59 . 59 57 Volleys Fired 241 | 11 14 80 3 9 . 7 2 33 20 2 8 . . 1 2 . 22 . 2 25 Largest 7 | 2 6 6 5 5 . 5 5 5 2 5 5 . . 5 5 . 7 . 6 6 Hottest 690 | 90 360 360 280 280 . 280 280 280 58 226 226 . . 226 234 . 690 . 690 690 Shots Fired 1091 | 22 84 402 15 38 . 35 10 93 38 10 40 . . 5 9 1 127 . 12 150 Gun 217 | 22 . . . . . . . . 38 2 8 . . 1 1 . 44 . 8 93 Cannon 861 | . 84 402 15 38 . 35 10 93 . 6 24 . . 3 6 1 83 . 4 57 Launcher . | . . . . . . . . . . . . . . . . . . . . . Special 13 | . . . . . . . . . . 2 8 . . 1 2 . . . . . Kinetic 139 | . . . . . . . . . 38 6 24 . . 3 5 1 57 . . 5 Thermal 700 | 11 84 402 15 38 . 35 10 93 . 2 8 . . 1 1 . . . . . Explosive . | . . . . . . . . . . . . . . . . . . . . . Electromagnetic 62 | 11 . . . . . . . . . . . . . . 1 . 21 . 2 27 Slashing 177 | . . . . . . . . . . . . . . . . . 49 . 10 118 Robot Hit Streak 100 | 10 35 96 15 23 . 36 . 100 18 20 22 . . . 27 2 22 . 25 71 Robot Miss Streak 1 | 1 1 1 1 1 . . . 1 . 1 . . . . 1 . 1 . 1 1 Penetration Max 1 | . . . . . . . . . . . . . . . . . 1 . . . Secondary Targets . | . . . . . . . . . . . . . . . . . . . . . Shots Hit Robots 553 | 13 40 178 13 36 . 21 . 79 3 9 15 . . . 6 1 51 . 8 80 Core Hits 178 | 6 14 43 3 10 . 8 . 27 3 1 6 . . . 2 . 18 . 5 32 Critical Kills 11 | . 1 3 . . . . . 3 . . 1 . . . 2 . 1 . . . Critical Parts Destroyed 5 | . . . . . . . . . . 2 1 . . . . . 2 . . . Critical Strikes 27 | 1 1 3 . . . . . 3 . 2 3 . . . 2 . 10 . . 2 Meltdown 7 | . 1 3 . . . . . 3 . . . . . . . . . . . . Destroy 10 | . . . . . . . . . . 2 2 . . . 2 . 4 . . . Blast 3 | . . . . . . . . . . . 1 . . . . . 1 . . 1 Corrupt 2 | 1 . . . . . . . . . . . . . . . . . . . 1 Sever 5 | . . . . . . . . . . . . . . . . . 5 . . . Melee Attacks . | . . . . . . . . . . . . . . . . . . . . . Impact . | . . . . . . . . . . . . . . . . . . . . . Slashing . | . . . . . . . . . . . . . . . . . . . . . Piercing . | . . . . . . . . . . . . . . . . . . . . . Sneak Attacks . | . . . . . . . . . . . . . . . . . . . . . Combat Hostiles . | . . . . . . . . . . . . . . . . . . . . . Follow-up Attacks . | . . . . . . . . . . . . . . . . . . . . . Damage Inflicted 21015 | 284 861 4018 365 1087 . 489 . 1859 82 185 467 . . . 246 48 3778 . 286 6960 Guns 5521 | 175 . . . . . . . . 79 39 96 . . . 30 . 1942 . 179 2981 Cannons 14239 | . 861 4018 365 1087 . 489 . 1859 . 146 371 . . . 216 48 1446 . 107 3226 Explosions 109 | 109 . . . . . . . . . . . . . . . . . . . . Melee . | . . . . . . . . . . . . . . . . . . . . . Ramming 1146 | . . . . . . . . . 3 . . . . . . . 390 . . 753 Kinetic 1141 | . . . . . . . . . 79 105 173 . . . 147 48 500 . . 89 Thermal 9310 | 195 861 4018 365 1087 . 489 . 1859 . 80 294 . . . 62 . . . . . Explosive . | . . . . . . . . . . . . . . . . . . . . . Electromagnetic 750 | 89 . . . . . . . . . . . . . . 37 . 345 . 25 254 Impact . | . . . . . . . . . . . . . . . . . . . . . Slashing 8668 | . . . . . . . . . . . . . . . . . 2543 . 261 5864 Piercing . | . . . . . . . . . . . . . . . . . . . . . Highest Corruption 6 | . 1 1 1 2 . . . 4 6 . . . . . . 5 1 . . . Average Corruption 2 | . 1 1 1 1 . . . 2 4 . . . . . . 2 1 . . . Corruption Purged . | . . . . . . . . . . . . . . . . . . . . . Corruption Blocked . | . . . . . . . . . . . . . . . . . . . . . Effects 24 | . . 8 1 2 . . . 4 5 . . . . . . 2 2 . . . Message Errors 6 | . . 1 . . . . . 2 3 . . . . . . . . . . . Matter Fused 3 | . . 2 . . . . . 1 . . . . . . . . . . . . Heat Flow Errors 2 | . . 2 . . . . . . . . . . . . . . . . . . Energy Discharges 4 | . . . 1 . . . . 1 1 . . . . . . 1 . . . . Data Loss (minor) 3 | . . . . 2 . . . . . . . . . . . . 1 . . . Misfires 2 | . . . . . . . . . . . . . . . . 1 1 . . . Weapon Failures 4 | . . 3 . . . . . . 1 . . . . . . . . . . . Overload Shots . | . . . . . . . . . . . . . . . . . . . . . Overflow Damage 274 | . 1 39 2 44 . 9 . . . . 21 . . . 2 . 93 . 5 58 Projectiles 199 | . 1 39 2 44 . 9 . . . . 21 . . . 2 . 76 . 5 . Explosions . | . . . . . . . . . . . . . . . . . . . . . Melee 75 | . . . . . . . . . . . . . . . . . 17 . . 58 Knockbacks 12 | . . . . . . . . . . . 1 . . . 1 . 7 . . 3 Impact 4 | . . . . . . . . . . . . . . . . . 1 . . 3 Kinetic 8 | . . . . . . . . . . . 1 . . . 1 . 6 . . . Secondary . | . . . . . . . . . . . . . . . . . . . . . Self-Inflicted Damage 1 | . . . . . . . . . 1 . . . . . . . . . . . Shots . | . . . . . . . . . . . . . . . . . . . . . Rammed 1 | . . . . . . . . . 1 . . . . . . . . . . . Targets Rammed 28 | . . . . . . . . . 1 . . . . . . . 9 . . 18 Kicked 27 | . . . . . . . . . . . . . . . . . 9 . . 18 Crushed . | . . . . . . . . . . . . . . . . . . . . . Highest Temperature . | . . . . . . . . . . . . . . . . . . . . . Average Temperature . | . . . . . . . . . . . . . . . . . . . . . Received Heat Transfer 3148 | . 72 300 36 1238 . 21 . 1226 45 . 9 . . 27 . 21 99 . 18 36 Siege Activations . | . . . . . . . . . . . . . . . . . . . . . Martial Activations . | . . . . . . . . . . . . . . . . . . . . . Shielding Activations . | . . . . . . . . . . . . . . . . . . . . . Robots Disrupted . | . . . . . . . . . . . . . . . . . . . . . Combat Hostiles . | . . . . . . . . . . . . . . . . . . . . . Robots Corrupted 1 | . . . . . . . . . . . . . . . . . . . . 1 Combat Hostiles . | . . . . . . . . . . . . . . . . . . . . . Parts Fried 2 | . . . . . . . . . . . . . . . . . 1 . . 1 Impact Corruptions 5 | . . . . . . . . . . . . . . . . . 2 . . 3 Robots Melted 8 | . 1 3 . . . . . 4 . . . . . . . . . . . . Combat Hostiles 7 | . . 3 . . . . . 4 . . . . . . . . . . . . Parts Melted 28 | . 2 9 . . . 2 . 15 . . . . . . . . . . . . Heat Transferred 10847 | 372 1554 4884 407 332 . 703 . 2225 . 74 259 . . . 37 . . . . . Parts Sabotaged . | . . . . . . . . . . . . . . . . . . . . . Parts Stolen 2 | . . . . 2 . . . . . . . . . . . . . . . . Parts Stripped . | . . . . . . . . . . . . . . . . . . . . . Power Chain Reactions 2 | 2 . . . . . . . . . . . . . . . . . . . . Alert | -11 -10 -10 -7 -7 -5 -5 -5 -5 -4 -4 -4 -4 -4 -3 -3 -3 -3 -2 -2 -1 ------- Run | Yrd Mat Sub Rec Scr Fac Upp Upp War Pro Fac Upp Upp Zhi Pro Res Qua Sec Res DSF Acc Maximum Alert Level 5 | . . . . . . . . . . . . . . . . . 5 4 2 5 Low Security (%) 67 | 100 100 . 100 . 100 . . . . 100 . . . . 100 100 39 . . . Level 1 2 | . . . . . . . . . . . . . . . . . . . . 12 Level 2 3 | . . . . . . . . . . . . . . . . . . . 100 . Level 3 . | . . . . . . . . . . . . . . . . . . 20 . . Level 4 1 | . . . . . . . . . . . . . . . . . . 80 . . Level 5 . | . . . . . . . . . . . . . . . . . . . . . High Security . | . . . . . . . . . . . . . . . . . . . . . Max Security 24 | . . . . . . . . . . . . . . . . . 60 . . 87 Peak Influence 1926 | 10 75 . 52 . . . . . . 22 . . . . 182 186 1781 1100 675 1926 Initial 1100 | . . . 31 . . . . . . . . . . . 150 76 84 1100 634 270 Average 502 | 2 18 . 27 . . . . . . 2 . . . . 153 65 1070 1096 629 1582 Influence Increases 2320 | 30 211 210 21 . . 120 . . . 26 140 . . . 212 225 339 . 100 686 Destroy 0b10 Robot/C 1100 | . 140 200 20 . . 100 . . . 20 120 . . . 40 . 160 . 60 240 Destroy 0b10 Robot/NC 80 | 30 35 . . . . . . . . . . . . . . . . . . 15 Destroy Leader 168 | . 36 10 . . . 20 . . . . 20 . . . 20 . . . 10 52 Allied During Kill 19 | . . . . . . . . . . . . . . . . . . . 15 4 Disable Machine 40 | . . . . . . . . . . 4 . . . . . . 28 . . 8 Destroy Structure 258 | . . . 1 . . . . . . 2 . . . . 2 . 16 . 15 222 Advance Influence 150 | . . . . . . . . . . . . . . . 150 . . . . . Partial Spotted 15 | . . . . . . . . . . . . . . . . 15 . . . . Lose Combat Pursuer 390 | . . . . . . . . . . . . . . . . 210 135 . . 45 Active Sensor Use 100 | . . . . . . . . . . . . . . . . . . . . 100 Influence Decreases 3420 | 30 181 150 104 7 . 60 60 . . 26 75 65 . . 30 206 192 1044 591 599 Entered New Map 2158 | . . 19 59 7 . . 22 . . . . 24 . . . 106 117 1029 451 324 Time Decay 852 | 30 181 131 45 . . 60 38 . . 26 75 41 . . 30 90 75 15 . 15 Lost Ally 410 | . . . . . . . . . . . . . . . . 10 . . 140 260 Squads Dispatched 42 | . . . . . . . . . . 1 . . . . . 3 14 . 1 23 Investigation 1 | . . . . . . . . . . . . . . . . . . . . 1 Extermination 2 | . . . . . . . . . . . . . . . . 2 . . . . Reinforcement 6 | . . . . . . . . . . 1 . . . . . 1 2 . 1 1 Assault 32 | . . . . . . . . . . . . . . . . . 12 . . 20 Garrison . | . . . . . . . . . . . . . . . . . . . . . Intercept 1 | . . . . . . . . . . . . . . . . . . . . 1 Searches Triggered . | . . . . . . . . . . . . . . . . . . . . . Construction Impeded . | . . . . . . . . . . . . . . . . . . . . . Haulers Reinforced 1 | . . . . . . . . . . . . . . . . . . . . 1 Active Scanning Responses 1 | . . . . . . . . . . . . . . . . . . . . 1 Cargo Convoy Interrupts . | . . . . . . . . . . . . . . . . . . . . . Stealth | -11 -10 -10 -7 -7 -5 -5 -5 -5 -4 -4 -4 -4 -4 -3 -3 -3 -3 -2 -2 -1 --------- Run | Yrd Mat Sub Rec Scr Fac Upp Upp War Pro Fac Upp Upp Zhi Pro Res Qua Sec Res DSF Acc Distress Signals 9 | . . . . . . . . . . . . . . . . 4 4 . . 1 Communications Jammed 13 | . . . . . . . . . . . . . . . . . . . . 13 Distress Signals 13 | . . . . . . . . . . . . . . . . . . . . 13 Times Spotted 281 | . 9 29 1 47 . 6 1 66 6 3 11 1 . 3 2 25 46 . 4 21 Peak Tracking Total 35 | . 2 6 1 35 . 3 1 35 6 2 7 1 . 3 1 20 24 . 4 9 Tactical Retreats 19 | . . . . 3 . . . 5 . . . . . . . 4 4 . . 3 Traps | -11 -10 -10 -7 -7 -5 -5 -5 -5 -4 -4 -4 -4 -4 -3 -3 -3 -3 -2 -2 -1 ------- Run | Yrd Mat Sub Rec Scr Fac Upp Upp War Pro Fac Upp Upp Zhi Pro Res Qua Sec Res DSF Acc Traps Triggered 11 | . 1 . . . . . . 4 . . . . . . . 1 . . 1 4 Indirectly . | . . . . . . . . . . . . . . . . . . . . . Trap Hack Attempts . | . . . . . . . . . . . . . . . . . . . . . Triggered . | . . . . . . . . . . . . . . . . . . . . . Disarmed . | . . . . . . . . . . . . . . . . . . . . . Reprogrammed . | . . . . . . . . . . . . . . . . . . . . . Reused . | . . . . . . . . . . . . . . . . . . . . . Traps Extracted . | . . . . . . . . . . . . . . . . . . . . . Installed . | . . . . . . . . . . . . . . . . . . . . . Triggered . | . . . . . . . . . . . . . . . . . . . . . Machines | -11 -10 -10 -7 -7 -5 -5 -5 -5 -4 -4 -4 -4 -4 -3 -3 -3 -3 -2 -2 -1 ---------- Run | Yrd Mat Sub Rec Scr Fac Upp Upp War Pro Fac Upp Upp Zhi Pro Res Qua Sec Res DSF Acc Machines Disabled 19 | . . 5 . . . . . . 1 1 1 . . . . . 9 . . 2 Max in Single Turn 2 | . . 1 . . . . . . 1 1 1 . . . . . 2 . . 1 Garrison Access 1 | . . . . . . . . . . . . . . . 1 . . . . . Energy Cycler 1 | . . . . . . . . . . . . . . . . . . . . 1 Machines Repaired . | . . . . . . . . . . . . . . . . . . . . . Machines Dismantled . | . . . . . . . . . . . . . . . . . . . . . Machines Sabotaged . | . . . . . . . . . . . . . . . . . . . . . Overloaded Fab Kills . | . . . . . . . . . . . . . . . . . . . . . Hacking | -11 -10 -10 -7 -7 -5 -5 -5 -5 -4 -4 -4 -4 -4 -3 -3 -3 -3 -2 -2 -1 --------- Run | Yrd Mat Sub Rec Scr Fac Upp Upp War Pro Fac Upp Upp Zhi Pro Res Qua Sec Res DSF Acc Machines Accessed 31 | . 2 4 3 . . . 1 3 . 1 1 . 9 . 1 3 1 1 . 1 Terminals 10 | . 2 . 1 . . . . . . 1 . . . . . 3 1 1 . 1 Fabricators . | . . . . . . . . . . . . . . . . . . . . . Repair Stations . | . . . . . . . . . . . . . . . . . . . . . Recycling Units . | . . . . . . . . . . . . . . . . . . . . . Scanalyzers . | . . . . . . . . . . . . . . . . . . . . . Garrison Access 1 | . . . . . . . . . . . . . . . 1 . . . . . Total Hacks 112 | . 3 16 26 . . . 1 7 . 1 1 . 48 . 1 3 2 1 . 2 Successful 112 | . 3 16 26 . . . 1 7 . 1 1 . 48 . 1 3 2 1 . 2 Failed . | . . . . . . . . . . . . . . . . . . . . . Catastrophic . | . . . . . . . . . . . . . . . . . . . . . Database Lockouts . | . . . . . . . . . . . . . . . . . . . . . Manual 6 | . 1 . 1 . . . . . 1 . . . . . . 2 . . . 1 Terminals 13 | . 3 . 1 . . . . . . 1 . . . . . 3 2 1 . 2 Fabricators . | . . . . . . . . . . . . . . . . . . . . . Repair Stations . | . . . . . . . . . . . . . . . . . . . . . Recycling Units . | . . . . . . . . . . . . . . . . . . . . . Scanalyzers . | . . . . . . . . . . . . . . . . . . . . . Garrison Access 1 | . . . . . . . . . . . . . . . 1 . . . . . Terminal Hacks 110 | . 3 16 26 . . . 1 7 . 1 1 . 48 . . 2 2 1 . 2 Record 85 | . 2 13 24 . . . . 7 . . 1 . 36 . . 1 . . . 1 Part Schematic 4 | . . . . . . . . . . . . . 4 . . . . . . . Robot Analysis 4 | . . . . . . . . . . . . . 4 . . . . . . . Prototype ID Bank 4 | . . . . . . . . . . . . . 4 . . . . . . . Open Door 3 | . . 1 . . . . 1 . . . . . . . . 1 . . . . Open DSF 2 | . . . . . . . . . . 1 . . . . . . . 1 . . Branch Access Points 2 | . . . 1 . . . . . . . . . . . . . . . . 1 Zone Layout 1 | . 1 . . . . . . . . . . . . . . . . . . . Proto ID Catalog 1 | . . 1 . . . . . . . . . . . . . . . . . . Activate Exoskeleton 2 | . . . . . . . . . . . . . . . . . 2 . . . Release Object 2 | . . 1 1 . . . . . . . . . . . . . . . . . Fabricator Hacks . | . . . . . . . . . . . . . . . . . . . . . Repair Station Hacks . | . . . . . . . . . . . . . . . . . . . . . Recycling Unit Hacks . | . . . . . . . . . . . . . . . . . . . . . Scanalyzer . | . . . . . . . . . . . . . . . . . . . . . Garrison Access Hacks 1 | . . . . . . . . . . . . . . . 1 . . . . . Seal Access 1 | . . . . . . . . . . . . . . . 1 . . . . . Unauthorized Hacks 1 | . . . . . . . . . . . . . . . . 1 . . . . Terminals 1 | . . . . . . . . . . . . . . . . 1 . . . . Assimilate 1 | . . . . . . . . . . . . . . . . 1 . . . . Fabricators . | . . . . . . . . . . . . . . . . . . . . . Repair Stations . | . . . . . . . . . . . . . . . . . . . . . Recycling Units . | . . . . . . . . . . . . . . . . . . . . . Scanalyzers . | . . . . . . . . . . . . . . . . . . . . . Garrison Access . | . . . . . . . . . . . . . . . . . . . . . Data Cores Recovered . | . . . . . . . . . . . . . . . . . . . . . Used . | . . . . . . . . . . . . . . . . . . . . . Hacking Detections 1 | . . . . . . . . . . 1 . . . . . . . . . . Full Trace Events . | . . . . . . . . . . . . . . . . . . . . . Feedback Events . | . . . . . . . . . . . . . . . . . . . . . Feedback Blocked . | . . . . . . . . . . . . . . . . . . . . . Robot Schematics Acquired 3 | . . . . . . . . . . . . . . . . . 3 . . . Robots Built . | . . . . . . . . . . . . . . . . . . . . . Authchips . | . . . . . . . . . . . . . . . . . . . . . Time . | . . . . . . . . . . . . . . . . . . . . . Total Robot Build Rating . | . . . . . . . . . . . . . . . . . . . . . Part Schematics Acquired 6 | . . . . . . . . . . . . . 4 . . . 2 . . . Parts Built . | . . . . . . . . . . . . . . . . . . . . . Authchips . | . . . . . . . . . . . . . . . . . . . . . Time . | . . . . . . . . . . . . . . . . . . . . . Total Part Build Rating . | . . . . . . . . . . . . . . . . . . . . . Part Studies Acquired . | . . . . . . . . . . . . . . . . . . . . . Parts Repaired . | . . . . . . . . . . . . . . . . . . . . . Time . | . . . . . . . . . . . . . . . . . . . . . Parts Recycled . | . . . . . . . . . . . . . . . . . . . . . Recycled Matter . | . . . . . . . . . . . . . . . . . . . . . Retrieved Matter . | . . . . . . . . . . . . . . . . . . . . . Retrieved Components . | . . . . . . . . . . . . . . . . . . . . . Parts Scanalyzed . | . . . . . . . . . . . . . . . . . . . . . Part Schematics Acquired . | . . . . . . . . . . . . . . . . . . . . . Parts Damaged . | . . . . . . . . . . . . . . . . . . . . . Bothacking | -11 -10 -10 -7 -7 -5 -5 -5 -5 -4 -4 -4 -4 -4 -3 -3 -3 -3 -2 -2 -1 ------------ Run | Yrd Mat Sub Rec Scr Fac Upp Upp War Pro Fac Upp Upp Zhi Pro Res Qua Sec Res DSF Acc Used RIF Installer . | . . . . . . . . . . . . . . . . . . . . . Robots Hacked . | . . . . . . . . . . . . . . . . . . . . . Non-combat . | . . . . . . . . . . . . . . . . . . . . . Combat . | . . . . . . . . . . . . . . . . . . . . . Robot Hacks Applied . | . . . . . . . . . . . . . . . . . . . . . Relay Couplers Released . | . . . . . . . . . . . . . . . . . . . . . Fabnet Peak Effective % . | . . . . . . . . . . . . . . . . . . . . . Robots Rewired . | . . . . . . . . . . . . . . . . . . . . . Allies Hacked . | . . . . . . . . . . . . . . . . . . . . . Hacks Repelled . | . . . . . . . . . . . . . . . . . . . . . Allies | -11 -10 -10 -7 -7 -5 -5 -5 -5 -4 -4 -4 -4 -4 -3 -3 -3 -3 -2 -2 -1 -------- Run | Yrd Mat Sub Rec Scr Fac Upp Upp War Pro Fac Upp Upp Zhi Pro Res Qua Sec Res DSF Acc Total Allies 31 | . . . . . . . . . . . . . . . . 1 . 8 8 14 Largest Group 13 | . . . . . . . . . . . . . . . . 1 . 8 8 13 Highest-Rated Group 185 | . . . . . . . . . . . . . . . . 26 . 115 114 185 Highest-Rated Ally 26 | . . . . . . . . . . . . . . . . 26 . 15 15 15 Total Orders . | . . . . . . . . . . . . . . . . . . . . . Ally Attacks 91 | . . . . . . . . . . . . . . . . . . . 31 60 Total Damage 1429 | . . . . . . . . . . . . . . . . . . . 347 1082 Kills 7 | . . . . . . . . . . . . . . . . . . . 2 5 Allies Corrupted . | . . . . . . . . . . . . . . . . . . . . . Allies Melted . | . . . . . . . . . . . . . . . . . . . . . Intel | -11 -10 -10 -7 -7 -5 -5 -5 -5 -4 -4 -4 -4 -4 -3 -3 -3 -3 -2 -2 -1 ------- Run | Yrd Mat Sub Rec Scr Fac Upp Upp War Pro Fac Upp Upp Zhi Pro Res Qua Sec Res DSF Acc Active Infowar (turns) 2192 | 89 438 739 75 117 27 90 68 202 . . . . . . . . . . 45 302 Sensors 1845 | 89 438 739 75 117 27 90 68 202 . . . . . . . . . . . . A.S.S. 347 | . . . . . . . . . . . . . . . . . . . 45 302 Terrain 1736 | 58 438 739 75 117 27 90 68 124 . . . . . . . . . . . . Structural 1050 | . 146 739 75 90 . . . . . . . . . . . . . . . . Seismic 1727 | 55 438 739 75 117 27 90 68 118 . . . . . . . . . . . . Jamming 341 | . . . . . . . . . . . . . . . . . . . 39 302 Robot Analysis Total 4 | . . . . . . . . . . . . . 4 . . . . . . . Derelict Logs Recovered 4 | . . 1 . . . 1 . . 1 . . 1 . . . . . . . . Drone Launches . | . . . . . . . . . . . . . . . . . . . . . Drone Recoveries . | . . . . . . . . . . . . . . . . . . . . . Exploration | -11 -10 -10 -7 -7 -5 -5 -5 -5 -4 -4 -4 -4 -4 -3 -3 -3 -3 -2 -2 -1 ------------- Run | Yrd Mat Sub Rec Scr Fac Upp Upp War Pro Fac Upp Upp Zhi Pro Res Qua Sec Res DSF Acc Turns Passed 3746 | 132 438 739 75 117 27 90 68 254 400 185 152 75 64 91 46 139 260 25 67 302 Spaces Moved 8464 | 100 678 1377 242 239 72 280 273 536 662 164 270 324 237 356 143 611 981 84 106 729 Core 826 | 30 . . . . . . . 90 662 42 2 . . . . . . . . . Treads . | . . . . . . . . . . . . . . . . . . . . . Legs 1279 | . . . . . . . . . . 122 39 . . . . . 199 84 106 729 Wheels 301 | 70 231 . . . . . . . . . . . . . . . . . . . Hover . | . . . . . . . . . . . . . . . . . . . . . Flight 5501 | . 447 1377 242 239 72 280 273 446 . . 229 324 237 356 143 611 225 . . . Fastest Speed 20 | 50 31 25 25 25 25 23 23 23 50 50 23 23 23 23 20 20 20 30 30 30 Average Speed 33 | 82 53 30 25 26 25 23 23 31 50 99 37 23 23 23 21 20 25 30 30 30 Slowest Speed 120 | 100 93 31 25 31 25 25 23 50 50 120 117 23 23 23 23 23 30 30 30 30 Overloaded Moves . | . . . . . . . . . . . . . . . . . . . . . Propulsion Burnouts . | . . . . . . . . . . . . . . . . . . . . . Robots Hopped 74 | . 1 . 5 18 . 1 . 28 . . . . . . 1 12 8 . . . Potential Cave-ins 27 | . . . . . . . . . 13 . . . . . . . 3 . . 11 Cave-ins Triggered 3 | . . . . . . . . . 3 . . . . . . . . . . . Teleports 1 | . . . . . . . . . . . . . 1 . . . . . . . Microwarps 38 | . . . . . . . . . . . . . . . . . 38 . . . Exploration Rate (%) 47 | 4 73 87 53 42 3 55 54 64 75 9 49 60 70 58 8 66 59 5 80 24 Regions Visited 20 Branch Regions 13 Pre-discovered Areas 6 | . . 2 . . . . . 1 . . . . 3 . . . . . . . Known Exits Taken 19 | 1 1 1 1 1 1 1 1 1 1 1 1 1 1 1 1 1 1 1 . . Unknown Exits Taken . | . . . . . . . . . . . . . . . . . . . . . Scrap Searched 8 | . . 4 . . . . 1 . 1 . 1 . . 1 . . . . . . Spaces Dug 33 | . . 2 . . . . . . 22 . 1 . . . . . 4 . . 4 Terrain Destroyed 247 | 2 . 52 1 . . 5 3 1 30 1 13 . . 3 1 . 14 . 5 116 Melee . | . . . . . . . . . . . . . . . . . . . . . Projectile 245 | . . 52 1 . . 5 3 1 30 1 13 . . 3 1 . 14 . 5 116 AOE 2 | 2 . . . . . . . . . . . . . . . . . . . . Terrain Rammed . | . . . . . . . . . . . . . . . . . . . . . Walls Destroyed . | . . . . . . . . . . . . . . . . . . . . . Machines Disabled . | . . . . . . . . . . . . . . . . . . . . . Actions | -11 -10 -10 -7 -7 -5 -5 -5 -5 -4 -4 -4 -4 -4 -3 -3 -3 -3 -2 -2 -1 --------- Run | Yrd Mat Sub Rec Scr Fac Upp Upp War Pro Fac Upp Upp Zhi Pro Res Qua Sec Res DSF Acc Total 8342 | 122 706 1482 242 253 84 289 274 556 690 173 288 323 243 359 148 612 507 83 133 775 Wait 24 | . . 1 . 21 . . . . . . . . . . . 2 . . . . Move 7794 | 99 675 1376 232 210 71 277 272 486 660 163 269 323 236 355 140 586 448 83 105 728 Hop 55 | . 1 . 4 10 . 1 . 21 . . . . . . 1 12 5 . . . Pick Up 32 | 1 . 13 . . . . . . . . . . . . . 1 2 . 14 1 Fast Attach 97 | 11 11 3 2 1 . . . 6 6 8 7 . 6 3 2 5 16 . 9 1 Attach 11 | . . 1 . . 4 . . 5 . . . . . . . 1 . . . . Detach 7 | . . 2 . . 1 . . . . . . . . . . . 3 . . 1 Swap 10 | . . 1 . . . 4 . 1 . . . . . . 1 2 . . . 1 Drop 34 | . 5 . 1 1 8 . . 4 . . 4 . 1 . 2 3 2 . 3 . Fire 241 | 11 14 80 3 9 . 7 2 33 20 2 8 . . 1 2 . 22 . 2 25 Melee . | . . . . . . . . . . . . . . . . . . . . . Ram 1 | . . . . . . . . . 1 . . . . . . . . . . . Kick 27 | . . . . . . . . . . . . . . . . . 9 . . 18 Crush . | . . . . . . . . . . . . . . . . . . . . . Escape Stasis 1 | . . . . . . . . . 1 . . . . . . . . . . . Rewire 2 | . . . . . . . . . 2 . . . . . . . . . . . Trap . | . . . . . . . . . . . . . . . . . . . . . Miscellaneous 6 | . . 5 . 1 . . . . . . . . . . . . . . . . Route ------- -11/Scrapyard -10/Materials (discovered 6 exits: *Mat x3 / *Min x2 / *Sub) -10/Subcaves (discovered 3 exits: *Mat x2 / *Rec) -7/Recycling -7/Scraptown -5/Factory -5/Upper Caves -5/Upper Caves (discovered 2 exits: Fac / *War) -5/Warlord -4/Proximity Caves -4/Factory -4/Upper Caves -4/Upper Caves (discovered 2 exits: *Res / *Zhi) -4/Zhirov -3/Proximity Caves -3/Research (discovered 3 exits: *Res x2 / *Qua) -3/Quarantine (discovered 2 exits: *Sec / *Frg) -3/Section 7 -2/Research -2/DSF -1/Access (discovered 2 exits: *Sur / Com) Tau Ceti IV Orbit History --------- Turn | Location | Event 3 | -11/Scrapyard | Upgraded with Propulsion slot (x5) 3 | -11/Scrapyard | Upgraded with Utility slot (x12) 3 | -11/Scrapyard | Upgraded with Weapon slot (x5) 3 | -11/Scrapyard | Identified exit to Materials 3 | -11/Scrapyard | Discovered exit to Materials (range 17) 133 | -11/Scrapyard | Entered Materials 143 | -10/Materials | Identified exit to Subcaves 143 | -10/Materials | Discovered exit to Subcaves (range 16) 173 | -10/Materials | Identified exit to Materials 173 | -10/Materials | Discovered exit to Materials (range 16) 288 | -10/Materials | Identified exit to Mines 288 | -10/Materials | Discovered exit to Mines (range 16) 313 | -10/Materials | Discovered exit to Materials (range 16) 381 | -10/Materials | Discovered exit to Materials (range 24) 485 | -10/Materials | Discovered exit to Mines (range 14) 571 | -10/Materials | Entered Subcaves 572 | -10/Subcaves | Approached by a straggling Scientist 573 | -10/Subcaves | Reached level 2 619 | -10/Subcaves | Visited 4L-MR0's lab 627 | -10/Subcaves | Found Prototype Energy Cannon 627 | -10/Subcaves | Identified Powered Cannon 676 | -10/Subcaves | Shifting Twisted Machinery released Sub. Shrapnel Launcher 678 | -10/Subcaves | Shifting Twisted Machinery released Barrage Gun 705 | -10/Subcaves | Build established: Wizard-Scout 773 | -10/Subcaves | Visited Clippyterm 773 | -10/Subcaves | Learned location of Section 7 (-3) 773 | -10/Subcaves | Learned Factory emergency access door positions 929 | -10/Subcaves | Ambushed by Subdwellers from Twisted Machinery 975 | -10/Subcaves | A swath of the cavern ceiling suddenly collapsed 1074 | -10/Subcaves | Ambushed by Subdweller buried in earth 1163 | -10/Subcaves | Identified exit to Recycling 1163 | -10/Subcaves | Discovered exit to Recycling (range 16) 1164 | -10/Subcaves | Identified exit to Materials 1164 | -10/Subcaves | Discovered exit to Materials (range 15) 1168 | -10/Subcaves | Learned location of Storage (-7) 1197 | -10/Subcaves | Discovered exit to Materials (range 29) 1201 | -10/Subcaves | Found SUBCON Basin 1218 | -10/Subcaves | Shifting Twisted Machinery released Sub. Monowheel 1244 | -10/Subcaves | A swath of the cavern ceiling suddenly collapsed 1264 | -10/Subcaves | Shifting Twisted Machinery released Battle Cannon 1310 | -10/Subcaves | Entered Recycling 1312 | -7/Recycling | Reached level 3 1312 | -7/Recycling | Reached level 4 1312 | -7/Recycling | Reached level 5 1312 | -7/Recycling | Reached level 6 1312 | -7/Recycling | Reached level 7 1312 | -7/Recycling | Reached level 8 1362 | -7/Recycling | Identified exit to Scraptown 1362 | -7/Recycling | Discovered exit to Scraptown (range 16) 1373 | -7/Recycling | Scanned before Scraplab entrance 1376 | -7/Recycling | Entered Scraplab 1385 | -7/Recycling | Entered Scraptown 1387 | -7/Scraptown | Reached level 9 1405 | -7/Scraptown | Turned away by UFD registrar 1409 | -7/Scraptown | Released subatomizers from SUBCON Basin 1429 | -7/Scraptown | Attacked by Scraptown defenders 1479 | -7/Scraptown | Destroyed Optimus 1496 | -7/Scraptown | Identified exit to Factory 1496 | -7/Scraptown | Discovered exit to Factory (range 15) 1502 | -7/Scraptown | Entered Factory 1504 | -5/Factory | Reached level 10 1504 | -5/Factory | Reached level 11 1504 | -5/Factory | Reached level 12 1504 | -5/Factory | Reached level 13 1504 | -5/Factory | Reached level 14 1504 | -5/Factory | Reached level 15 1520 | -5/Factory | Lost 6 parts (2n4u) 1525 | -5/Factory | Identified exit to Upper Caves 1525 | -5/Factory | Discovered exit to Upper Caves (range 14) 1529 | -5/Factory | Entered Upper Caves 1537 | -5/Upper Caves | Reached level 16 1608 | -5/Upper Caves | Learned Factory security intel 1612 | -5/Upper Caves | Identified exit to Upper Caves 1612 | -5/Upper Caves | Discovered exit to Upper Caves (range 15) 1617 | -5/Upper Caves | Attracted the attention of an 0b10 checkpoint 1619 | -5/Upper Caves | Entered another Upper Caves area 1620 | -5/Upper Caves | Identified exit to Factory 1620 | -5/Upper Caves | Discovered exit to Factory (range 15) 1632 | -5/Upper Caves | Spotted B-75 Beast 1643 | -5/Upper Caves | Encountered a Warlord checkpoint 1684 | -5/Upper Caves | Identified exit to Warlord 1684 | -5/Upper Caves | Discovered exit to Warlord (range 14) 1687 | -5/Upper Caves | Entered Warlord 1695 | -5/Warlord | Identified exit to Proximity Caves 1695 | -5/Warlord | Discovered exit to Proximity Caves (range 16) 1707 | -5/Warlord | Attacked by Warlord forces 1709 | -5/Warlord | Spotted M4-F8B(B) 1709 | -5/Warlord | Spotted R7-5ZR(B) 1710 | -5/Warlord | Destroyed M4-F8B(B) 1713 | -5/Warlord | Destroyed R7-5ZR(B) 1756 | -5/Warlord | Destroyed 7 combat bots 1759 | -5/Warlord | Learned 4 Access zone layouts 1759 | -5/Warlord | Learned 4 Quarantine zone layouts 1760 | -5/Warlord | Learned Research garrison access intel 1760 | -5/Warlord | Learned location of Testing (-2) 1760 | -5/Warlord | Learned Armory stockpile data 1761 | -5/Warlord | Spotted SG-6Y7(g) 1762 | -5/Warlord | Spotted Y8-4R4(K) 1762 | -5/Warlord | Spotted KE-4C8(K) 1770 | -5/Warlord | Destroyed Fake God Mode 1867 | -5/Warlord | Reached level 17 1867 | -5/Warlord | Warlord's base attacked by MAIN.C 1883 | -5/Warlord | Lost 12 parts (7n2u3w) 1941 | -5/Warlord | Entered Proximity Caves 1943 | -4/Proximity Caves | Reached level 18 2000 | -4/Proximity Caves | Learned Research stockpile data 2141 | -4/Proximity Caves | Build established: Wizard-Mutant 2153 | -4/Proximity Caves | Crushed by falling debris 2164 | -4/Proximity Caves | Crushed by falling debris 2174 | -4/Proximity Caves | Crushed by falling debris 2223 | -4/Proximity Caves | Acquired the password to a Derelict Tinkerer's latest research 2245 | -4/Proximity Caves | Found Prototype Special Weapon 2245 | -4/Proximity Caves | Identified Molecular Deconstructor 2268 | -4/Proximity Caves | Spotted B-86 Titan 2331 | -4/Proximity Caves | Attracted the attention of an 0b10 checkpoint 2333 | -4/Proximity Caves | Discovered exit to Factory (range 11) 2341 | -4/Proximity Caves | Entered Factory 2343 | -4/Factory | Reached level 19 2506 | -4/Factory | Identified exit to Upper Caves 2506 | -4/Factory | Discovered exit to Upper Caves (range 15) 2526 | -4/Factory | Entered Upper Caves 2586 | -4/Upper Caves | Reached level 20 2643 | -4/Upper Caves | Found Alien Artifact 2643 | -4/Upper Caves | Identified Dimensional Node Initializer 2643 | -4/Upper Caves | Initialized slip node 2670 | -4/Upper Caves | Attracted the attention of an 0b10 outpost 2675 | -4/Upper Caves | Identified exit to Upper Caves 2675 | -4/Upper Caves | Discovered exit to Upper Caves (range 7) 2678 | -4/Upper Caves | Entered another Upper Caves area 2686 | -4/Upper Caves | Identified exit to Research 2686 | -4/Upper Caves | Discovered exit to Research (range 16) 2737 | -4/Upper Caves | Spotted B-86 Titan 2748 | -4/Upper Caves | Learned location of 1 exit from Research 2750 | -4/Upper Caves | Identified exit to Zhirov 2750 | -4/Upper Caves | Discovered exit to Zhirov (range 8) 2753 | -4/Upper Caves | Entered Zhirov 2753 | -4/Zhirov | Identified exit to Proximity Caves 2753 | -4/Zhirov | Discovered exit to Proximity Caves (range 3) 2758 | -4/Zhirov | Met Zhirov 2758 | -4/Zhirov | Reached level 21 2763 | -4/Zhirov | Learned location of Quarantine (-3) 2763 | -4/Zhirov | Learned location of Command (-1) 2770 | -4/Zhirov | Zhirov requested help retrieving the SGEMP Prototype 2789 | -4/Zhirov | Found Alien Artifact 2789 | -4/Zhirov | Identified Transdimensional Reconstructor 2789 | -4/Zhirov | Warped through subspace 2799 | -4/Zhirov | Found Alien Artifact 2799 | -4/Zhirov | Identified Integrated Dissipator 2799 | -4/Zhirov | Installed Integrated Dissipator, increased core heat dissipation (+20) 2817 | -4/Zhirov | Entered Proximity Caves 2876 | -3/Proximity Caves | Attracted the attention of an 0b10 checkpoint 2884 | -3/Proximity Caves | Spotter reported a threat 2901 | -3/Proximity Caves | Spotted B-86 Titan 2903 | -3/Proximity Caves | Build established: Wizard-Sprinter 2906 | -3/Proximity Caves | Discovered exit to Research (range 9) 2908 | -3/Proximity Caves | Entered Research 2909 | -3/Research | Identified exit to Research 2910 | -3/Research | Reached level 22 2910 | -3/Research | Reached level 23 2911 | -3/Research | Loaded intel: 3 garrison access locations 2947 | -3/Research | Discovered exit to Research (range 15) 2947 | -3/Research | Identified exit to Quarantine 2947 | -3/Research | Discovered exit to Quarantine (range 14) 2954 | -3/Research | Entered Quarantine 2955 | -3/Quarantine | Identified exit to Section 7 2955 | -3/Quarantine | Identified exit to Protoforge 2956 | -3/Quarantine | Reached level 24 2991 | -3/Quarantine | Met incapacitated Sigix Warrior 2991 | -3/Quarantine | Lockdown squad dispatched 2991 | -3/Quarantine | Reached level 25 2992 | -3/Quarantine | Acquired the access code to the Sigix quarantine chamber 2992 | -3/Quarantine | Unlocked Sigix quarantine chamber 2994 | -3/Quarantine | Found Sigix Containment Pod 3021 | -3/Quarantine | Spotted Lightning 3022 | -3/Quarantine | Spotted Lightning 3053 | -3/Quarantine | Spotted Lightning 3055 | -3/Quarantine | Found Alien Artifact 3055 | -3/Quarantine | Identified Core Reset Matrix 3055 | -3/Quarantine | Reached level 26 3055 | -3/Quarantine | Used Core Reset Matrix 3059 | -3/Quarantine | Sensed 11 artifacts in vicinity 3077 | -3/Quarantine | Spotted Fortress 3091 | -3/Quarantine | Discovered exit to Section 7 (range 6) 3091 | -3/Quarantine | Discovered exit to Protoforge (range 7) 3093 | -3/Quarantine | Entered Section 7 3094 | -3/Section 7 | Detected hypermatrix surge 3094 | -3/Section 7 | Sensed 18 artifacts in vicinity 3095 | -3/Section 7 | Reached level 27 3103 | -3/Section 7 | Scanned by Researcher 3110 | -3/Section 7 | Found Microwarp Drive 3133 | -3/Section 7 | Found Microwarp Drive 3158 | -3/Section 7 | Spotted Alpha 7 3163 | -3/Section 7 | Found Integrity Redistributor 3163 | -3/Section 7 | Used Integrity Redistributor, redistributed integrity from core (-42) 3165 | -3/Section 7 | Spotted Alpha 7 3173 | -3/Section 7 | Spotted B-99 Colossus 3177 | -3/Section 7 | Spotted Executioner 3177 | -3/Section 7 | Spotted Striker 3177 | -3/Section 7 | Spotted Striker 3177 | -3/Section 7 | Spotted Executioner 3192 | -3/Section 7 | Integrated with Sigix Exoskeleton 3192 | -3/Section 7 | Reached level 28 3192 | -3/Section 7 | Upgraded with Utility slot (x11) 3192 | -3/Section 7 | Upgraded with Weapon slot (x6) 3212 | -3/Section 7 | Destroyed Executioner 3219 | -3/Section 7 | Destroyed Executioner 3250 | -3/Section 7 | Spotted Striker 3250 | -3/Section 7 | Spotted Striker 3253 | -3/Section 7 | Found Sigix Sheargun 3255 | -3/Section 7 | Found Sigix Sheargun 3263 | -3/Section 7 | Destroyed Striker 3266 | -3/Section 7 | Destroyed Striker 3272 | -3/Section 7 | Found Sigix Shearcannon 3283 | -3/Section 7 | Destroyed Striker 3283 | -3/Section 7 | Destroyed Striker 3302 | -3/Section 7 | Spotted Executioner 3302 | -3/Section 7 | Spotted Executioner 3346 | -3/Section 7 | Discovered exit to Research (range 19) 3353 | -3/Section 7 | Entered Research 3355 | -2/Research | Reached level 29 3355 | -2/Research | Reached level 30 3358 | -2/Research | Emitted hypermatrix ping 3363 | -2/Research | Assembled emerged from beneath the floor 3378 | -2/Research | Identified exit to DSF 3378 | -2/Research | Entered DSF 3378 | -2/DSF | Identified exit to Access 3378 | -2/DSF | Discovered exit to Access (range 29) 3383 | -2/DSF | Emitted hypermatrix ping 3388 | -2/DSF | Assembled emerged from beneath the floor 3400 | -2/DSF | Found Prototype Device 3400 | -2/DSF | Identified Active Sensor Suite 3401 | -2/DSF | Additional patrols routed to DSF 3445 | -2/DSF | Entered Access 3447 | -1/Access | Reached level 31 3450 | -1/Access | Build established: Wizard-Sigix 3450 | -1/Access | Emitted hypermatrix ping 3455 | -1/Access | Assembled emerged from beneath the floor 3455 | -1/Access | Identified exit to Command 3463 | -1/Access | Lost 7 allies 3481 | -1/Access | Assembled emerged from beneath the floor 3484 | -1/Access | Reached level 32 3535 | -1/Access | Spotted B-99 Colossus 3535 | -1/Access | Spotted B-99 Colossus 3569 | -1/Access | Destroyed B-99 Colossus 3579 | -1/Access | Destroyed B-99 Colossus 3591 | -1/Access | Intercept squad dispatched 3591 | -1/Access | Reached level 33 3613 | -1/Access | Spotted Tracker 3614 | -1/Access | Destroyed Tracker 3614 | -1/Access | Spotted Tracker 3616 | -1/Access | Destroyed Tracker 3643 | -1/Access | Spotted Combat Programmer 3690 | -1/Access | Spotted Combat Programmer 3697 | -1/Access | Energy Cycler disabled 3724 | -1/Access | Spotted B-99 Colossus 3733 | -1/Access | Identified exit to Surface 3733 | -1/Access | Discovered exit to Surface (range 18) 3747 | -1/Access | Reached level 34 3747 | *** | Destroyed 0b10! Last Messages --------------- 03728_ Slug penetrates Wall. 03732_ Kicked A-15 Conveyor out of the way. 03732_ A-15 Conveyor destroyed. 03733_ Acquired 100 matter. 03733_ EXIT=FOUND: SURFACE 03737_ Kicked A-15 Conveyor. 03737_ A-15 Conveyor bypasses jamming via Unknown Processor. 03737_ A-15 Conveyor calls for reinforcements. 03737_ ALERT: Hostile activity reported, dispatching reinforcements to area. 03738_ Kicked A-15 Conveyor out of the way. 03739_ ALERT: Heavy assault forces dispatched. 03739_ EMDS Slug penetrates Wall. 03739_ Kicked A-15 Conveyor. 03741_ Kicked A-15 Conveyor out of the way. 03742_ Kicked A-15 Conveyor. 03742_ Penetrated by EMDS Slug. 03745_ The Access Shell folds into the floor. 03747_ Reached level 34. [Achievement: On My Own Terms] Map ----- +----------------------------------------------------+ | ?????????????????????????????????????????????????? | | ?????????????????????????????????????????????????? | | ??????????????????????????????????????o??????????? | | ????????????????????????????#??#??? ?? ??????????? | | ???????????????????????#### ########t####?????? | | ???????????????????? "" #######??? | | ?????????????????? "T + ?? | | ????????????????? ####### ####### # | | ??????????????? ################## # | | ??????????????######################## # | | ?????????????######################### # | | ????????????########################## # | | ????????????########################## # """" | | ??????????? ########################## # """"" | | ?????????? ##########################A # ! """"" | | ??????????############################ + """" | | ??????????############################ A# = | | ?????????############################# g# | | ?????????#############################g ########## | | ?????????############################# ########## | | ?????????##################### ####### ########## | | ?????????# t """" ########## | | ????????## BB """" ########## | | ?????????# BB """" ########## | | ????????? """" ########## | | ????????? """" "X ########## | | ????????? """" "" ########## | | ??Y?????? """" ########## | | ?????????? BB """" ########## | | ?YY?Y????? BB """" """ """ ########## | | ?????????? """" """T""" %########## | | ???????????################### #######p ########## | | ?gg?????????########################## ########## | | ????????????#####Y#################### ########## | | ????g????????### ########### # | | ??????????????## ###########==# | | ???????????????# ###########==+ " | | ??????g?????????? ###########%=# """ | | ?????????????????? # ##==# """ | | ????????????????? # ##==# " | | ???????????????? # ## %# | | ???????????????? # ## # | | ????????????????** "" "" # ## H#######+## | | ???????????????#** ""T"" # ## ####### ## | | ???????????????# """ # ## #######+## | | ???????????????# # ## ## | | ???????????????# # #" ## | | | ???????????????#g#########+#"##+##### # " | | ???????????t??## ###### BB # """ | | ???????????w???#A#### BB% + """ | +----------------------------------------------------+ Best States ------------- Heat Dissipation 688 Energy Generation 1121 Energy Capacity 17840 Matter Stores 4421 Matter Capacity 5250 Sight Range 310 Robot Scan Range 354 Terrain Scan Range 16 Terrain Scan Density 11285 Jamming Range 16 Armor Coverage 1250 Resistance: KI 85 Resistance: TH 85 Resistance: EX 85 Resistance: EM 85 Resistance: I 85 Resistance: S 85 Resistance: P 85 Utility Shielding 90 Weapon Cycling 25 Evasion (%) 70 Particle Charging 20 Offensive Hacking 1054 Defensive Hacking 1055 Item Schematics ----------------- Centrium Light Armor Plating | -3/Section 7 | Archive Ionic Axe | -3/Section 7 | Archive Robot Schematics ------------------ T-07 Excavator | -3/Section 7 | Archive O-32 Director | -3/Section 7 | Archive A-27 Freighter | -3/Section 7 | Archive Fabricated ------------ Nothing Repaired ---------- Nothing Studied --------- None Alien Tech Used ----------------- Dimensional Node Initializer Transdimensional Reconstructor Integrated Dissipator Core Reset Matrix Microwarp Drive Integrity Redistributor Sigix Exoskeleton Sigix Sheargun Sigix Shearcannon Achievements -------------- Art Critic I Laugh At Your Crits Integration Complete Look Less Dangerous Next Time Mistaken Identity No Room For Error On My Own Terms Sprinter Survival Of The Most Covered Vwoop! Window Shopping You May Approach The Wall Challenges ------------ None RPGLIKE | -11 -10 -10 -7 -7 -5 -5 -5 -5 -4 -4 -4 -4 -4 -3 -3 -3 -3 -2 -2 -1 --------- Run | Yrd Mat Sub Rec Scr Fac Upp Upp War Pro Fac Upp Upp Zhi Pro Res Qua Sec Res DSF Acc Levels Raised 33 | . . 1 6 1 6 1 . 1 1 1 1 . 1 . 2 3 2 2 . 4 XP Earned 55509 | 6000 850 2050 8310 843 9398 1350 500 750 1688 2049 1200 500 650 1299 2899 4000 3318 2000 831 5024 XP Spent -964981584 | -965325664 . . . . . . . . . . . . . . . . 344080 . . . Upgrades 2807 | 2728 . . . . . . . . . . . . . . . . 79 . . . Propulsion Slot 5 | 5 . . . . . . . . . . . . . . . . . . . . Utility Slot 23 | 12 . . . . . . . . . . . . . . . . 11 . . . Weapon Slot 11 | 5 . . . . . . . . . . . . . . . . 6 . . . Core Integrity 458 | 396 . . . . . . . . . . . . . . . . 62 . . . Heat Dissipation 93 | 93 . . . . . . . . . . . . . . . . . . . . Energy Generation 209 | 209 . . . . . . . . . . . . . . . . . . . . Energy Storage 348 | 348 . . . . . . . . . . . . . . . . . . . . Matter Storage 93 | 93 . . . . . . . . . . . . . . . . . . . . Mass Support 63 | 63 . . . . . . . . . . . . . . . . . . . . Inventory Capacity 124 | 124 . . . . . . . . . . . . . . . . . . . . Sight Range 294 | 294 . . . . . . . . . . . . . . . . . . . . Sensor Range 167 | 167 . . . . . . . . . . . . . . . . . . . . Terrain Scan Density 111 | 111 . . . . . . . . . . . . . . . . . . . . Ranged Accuracy 182 | 182 . . . . . . . . . . . . . . . . . . . . Melee Accuracy 187 | 187 . . . . . . . . . . . . . . . . . . . . Hack Attack % 204 | 204 . . . . . . . . . . . . . . . . . . . . Hack Defense % 211 | 211 . . . . . . . . . . . . . . . . . . . . KI Resistance % 4 | 4 . . . . . . . . . . . . . . . . . . . . TH Resistance % 4 | 4 . . . . . . . . . . . . . . . . . . . . EX Resistance % 4 | 4 . . . . . . . . . . . . . . . . . . . . KI Damage % 4 | 4 . . . . . . . . . . . . . . . . . . . . TH Damage % 4 | 4 . . . . . . . . . . . . . . . . . . . . EX Damage % 4 | 4 . . . . . . . . . . . . . . . . . . . . Protomatter Created 1623 | . 20 666 . . . 96 . 162 . . 57 . . . 57 . 66 . 96 403 Protomatter Decayed 1673 | . 20 648 . . . 96 . 304 . . . . . . . . . . . 605 Game ------ Seed GyrokineticScatterMaul Manual? 0 Play Time 01:02:37 Cumulative 76.4 hours Start 2026.03.30 @ 04:47:36 End 2026.03.30 @ 05:46:23 Sessions 1 Manual Loads 0 Difficulty Explorer Special Mode Winter2019/RPGLIKE Game No. 72 Rogue 0 Adventurer 6 Explorer 66 Win Type 3 Total 26 Types 10/3/3/5/1/1/2/0/0/1 Lore% 51 Gallery% 58 Achievement% 61 Wizard Run 0 Options --------- Layout 0 ASCII 0 Keyboard 0 Movement Arrows Keybinds 0 Fullscreen 2 Font 24/Smallcaps Map View 76x50 Zoom Use 9% Tactical HUD 1 Map Filters NONE Filters NONE Steam 1 RUN: e30f8ffa-d83c-4fe0-9a20-5466451c3c19